 Dungeon Crawl Stone Soup version 0.29-a0-419-g77450f2 (webtiles) character file.

Game seed: 15585825665057517679

70654 Illumine the Warrior (level 14, -4/138 HPs)
             Began as a Minotaur Hunter on May 18, 2022.
             Was an Initiate of Gozag.
             Slain by Donald
             ... wielding a +2 long sword of electrocution
              (30 damage)
             ... on level 11 of the Dungeon.
             The game lasted 01:05:49 (27212 turns).

Illumine the Warrior (Minotaur Hunter)             Turns: 27212, Time: 01:05:49

Health: -4/138     AC: 10    Str: 17    XL:     14   Next: 94%
Magic:  14/14      EV: 26    Int:  6    God:    Gozag
Gold:   2637       SH:  5    Dex: 19    Spells: 15/15 levels left

rFire   + + .      SeeInvis .   b - +10 rapier of Causality {elec, rF+}
rCold   + + +      Faith    .   (no shield)
rNeg    + . .      Spirit   .   M - +1 leather armour of the Stone Wall {Dex+4}
rPois   +          Reflect  +   v - +1 hat
rElec   .          Harm     .   A - scarf {rC+ rF+}
rCorr   .          Rampage  .   o - +0 pair of gloves {Stlth+}
Will    ++++.                   r - +2 pair of boots
Stlth   +++.......              Q - amulet of reflection
HPRegen 0.33/turn               J - ring "Mitogicoenk" {Contam rPois rC+ Will+++ EV+4}
MPRegen 0.14/turn               Y - ring of Karik {rPois rC+ rN+ Dex-3 Slay+2}

@: mighty, gold aura
A: horns 2, retaliatory headbutt
a: Renounce Religion, Potion Petition, Call Merchant, Bribe Branch


You were on level 11 of the Dungeon.
You worshipped Gozag.
Gozag was most pleased with you.
You visited 4 branches of the dungeon, and saw 22 of its levels.
You also visited: Gauntlet and Ice Cave.

You collected 6401 gold pieces.
You spent 917 gold pieces at shops.
You paid 2847 gold pieces to Gozag.

Inventory:

Hand Weapons
 a - a +0 vorpal hand crossbow
 b - the +10 rapier of Causality (weapon) {elec, rF+}
   (You found it on level 4 of the Lair of Beasts)

   It occasionally discharges a powerful burst of electricity upon striking a
   foe.
   rF:        It protects you from fire.
 c - the +4 mace "Wulaneno" {drain, rCorr Str+3}
   (You found it on level 2 of the Lair of Beasts)

   A truly terrible weapon, it drains the life of any living foe it strikes.
   Str:       It affects your strength (+3).
   rCorr:     It protects you from acid and corrosion.
Armour
 o - a +0 pair of gloves of stealth (worn)
 r - a +2 pair of boots (worn)
 v - a +1 hat (worn)
 A - a scarf of resistance (worn)
 F - a +2 robe of the Archmagi
 L - a +0 kite shield
 M - the +1 leather armour of the Stone Wall (worn) {Dex+4}
   (You bought it in a shop on level 2 of the Lair of Beasts)

   Dex:       It affects your dexterity (+4).
 U - the +0 pair of gloves "Ubeuhotria" {rF- Will+ rCorr}
   (You found it in an ice cave)

   rF:        It makes you vulnerable to fire.
   rCorr:     It protects you from acid and corrosion.
   Will:      It increases your willpower.
 Z - the +1 pair of gloves of Sufficient Awe {rF++ rN+ Will- Int-3}
   (You found it in a Gauntlet)

   Int:       It affects your intelligence (-3).
   rF:        It greatly protects you from fire.
   rN:        It protects you from negative energy.
   Will:      It decreases your willpower.
Jewellery
 p - a ring of resist corrosion
 J - the ring "Mitogicoenk" (left hand) {Contam rPois rC+ Will+++ EV+4}
   (You bought it in a shop on level 10 of the Dungeon)

   [ring of evasion]

   EV:        It affects your evasion (+4).
   rC:        It protects you from cold.
   rPois:     It protects you from poison.
   Contam:    It causes magical contamination when unequipped.
   Will:      It greatly increases your willpower.
 O - a ring of positive energy
 P - a ring of protection from cold
 Q - an amulet of reflection (around neck)
 Y - the ring of Karik (right hand) {rPois rC+ rN+ Dex-3 Slay+2}
   (You found it in a Gauntlet)

   [ring of protection from cold]

   Dex:       It affects your dexterity (-3).
   Slay:      It affects your accuracy & damage with ranged weapons and melee
   (+2).
   rC:        It protects you from cold.
   rPois:     It protects you from poison.
   rN:        It protects you from negative energy.
Wands
 u - a wand of charming (10)
 I - a wand of paralysis (6)
 N - a wand of flame (56)
 R - a wand of acid (2)
 S - a wand of iceblast (4)
 T - a wand of digging (3)
Scrolls
 d - 2 scrolls of enchant armour
 f - 14 scrolls of teleportation
 g - 5 scrolls of vulnerability
 i - 4 scrolls of magic mapping
 m - 6 scrolls of enchant weapon
 w - a scroll of fog
 y - 2 scrolls of immolation
 B - 3 scrolls of fear
 C - 2 scrolls of amnesia {unknown}
 D - 2 scrolls of noise {unknown}
 E - a scroll of poison {unknown}
 G - a scroll of silence {unknown}
 H - 5 scrolls of summoning
Potions
 e - 4 potions of might
 h - 4 potions of mutation
 j - 13 potions of curing
 k - 3 potions of brilliance {unknown}
 l - 5 potions of ambrosia
 n - 7 potions of flight
 s - 4 potions of attraction
 t - 4 potions of resistance {unknown}
 x - 4 potions of heal wounds
 z - 2 potions of haste {unknown}
 K - 3 potions of magic {unknown}
 V - a potion of berserk rage {unknown}
 W - 2 potions of degeneration {unknown}
Miscellaneous
 q - a phial of floods
 X - a condenser vane


   Skills:
 - Level 16.8 Fighting
 * Level 10.2 Short Blades
 - Level 14.7 Crossbows
 - Level 5.0 Armour
 - Level 15.5 Dodging
 - Level 0.7 Stealth
 + Level 4.3 Shields
 - Level 1.1 Spellcasting
 - Level 6.0 Evocations


You had 15 spell levels left.
You didn't know any spells.
Your spell library contained the following spells:

 Spells                   Type           Power      Damage    Failure   Level
 Animate Skeleton         Necr           0%         N/A       47%         1
 Apportation              Tloc           0%         N/A       47%         1
 Beastly Appendage        Tmut           0%         N/A       47%         1
 Foxfire                  Conj/Fire      0%         2x1d4     47%         1
 Magic Dart               Conj           0%         1d3       47%         1
 Pain                     Necr           0%         1d4       47%         1
 Summon Small Mammal      Summ           0%         N/A       47%         1
 Call Imp                 Summ           0%         N/A       63%         2
 Searing Ray              Conj           0%         2d4       63%         2
 Static Discharge         Conj/Air       0%         N/A       63%         2
 Wereblood                Tmut           0%         N/A       63%         2
 Conjure Flame            Conj/Fire      0%         6-21      85%         3
 Inner Flame              Hex/Fire       0%         N/A       85%         3
 Mephitic Cloud           Conj/Pois/Air  0%         N/A       85%         3
 Ozocubu's Armour         Ice            0%         N/A       85%         3
 Spider Form              Tmut/Pois      0%         N/A       85%         3
 Flame Wave               Conj/Fire      0%         2d4       99%         4
 Fulminant Prism          Conj/Hex       0%         3d6       99%         4
 Olgreb's Toxic Radiance  Pois           0%         N/A       99%         4
 Petrify                  Tmut/Erth      0%         N/A       99%         4
 Summon Ice Beast         Ice/Summ       0%         N/A       99%         4
 Agony                    Necr           0%         N/A       100%        5
 Excruciating Wounds      Necr           0%         N/A       100%        5
 Lightning Bolt           Conj/Air       0%         1d11      100%        5
 Metabolic Englaciation   Hex/Ice        0%         N/A       100%        5
 Summon Mana Viper        Hex/Summ       0%         N/A       100%        5
 Simulacrum               Ice/Necr       0%         N/A       100%        6
 Monstrous Menagerie      Summ           0%         N/A       100%        7
 Maxwell's Capacitive Co  Air            0%         ∞         100%        8
 Necromutation            Tmut/Necr      0%         N/A       100%        8


Dungeon Overview and Level Annotations

Branches:
Dungeon (13/15)            Temple (1/1) D:6            Lair (6/6) D:10
  Swamp (0/4) Lair:4       Spider (0/4) Lair:4        Slime (0/5) Lair:6
    Orc (2/2) D:11            Elf (0/3) Orc:2         IceCv (visited)
Gauntlet (visited)
 Vaults: D:13-14

Altars:
Cheibriados
Dithmenos
Elyvilon
Fedhas
Gozag
Kikubaaqudgha
Nemelex Xobeh
Okawaru
Qazlal
Ru
Sif Muna
Vehumet
Xom
Yredelemnul
Beogh
Jiyva
Lugonu

Shops:
D:10 =   Orc:1 ?   Lair:2 [   Lair:4 (

Portals:
Abyss: Lair:2

Annotations:
D:11 Donald
Lair:3 exclusion: orange crystal statue
Lair:4 1 runed translucent door, Gibliticw's ghost, journeyman DjAE
Lair:5 exclusion: oklob plant


Innate Abilities, Weirdness & Mutations

You have a pair of horns on your head.
You reflexively headbutt those who attack you in melee.


Message History

Donald completely misses you.
Unknown command.
You hit the orc warrior.
You headbutt the orc warrior, but do no damage.
The orc warrior is heavily wounded.
The orc warrior completely misses you.
Donald hits you with a +2 long sword of electrocution!
Unknown command.
You feel very mighty all of a sudden.
Donald gestures wildly while chanting.
Donald seems to grow stronger.
The orc warrior barely misses you.
You puncture the orc warrior!
The orc warrior is almost dead.
Donald misses you. The orc warrior closely misses you.
You puncture the orc warrior!
You kill the orc warrior!
Donald is distracted by your dazzling golden aura.
You catch the helpless Donald completely off-guard!
You impale Donald!!
Donald is no longer distracted by gold.
Donald is moderately wounded.
Donald barely misses you.
Donald hits you with a +2 long sword of electrocution!!!
* * * LOW HITPOINT WARNING * * *
Donald blocks your attack.
You headbutt Donald, but do no damage.
Donald is moderately wounded.
Donald hits you with a +2 long sword of electrocution!
* * * LOW HITPOINT WARNING * * *
You feel much better.
Donald says, "Is it turtles all the way down?"
Donald completely misses you.
You impale Donald!!
Donald is heavily wounded.
Donald says, "If you give me all your gold, I promise I'll be your friend too."
Donald hits you with a +2 long sword of electrocution!!
* * * LOW HITPOINT WARNING * * *
You puncture Donald!
Donald is severely wounded.
Donald hits you with a +2 long sword of electrocution!!
You die...
Your body crumbles into a pile of gold.

#...#
#.#8#.......#
#...#
#.##'.......'
#...#
#.##....8....
#####...##
#.##'.......'
#........#
#.#8#.......#
#........#
#.###'.....)#
#........#
#..#8##')'##[
#........#
##.###8###.##
#......$@#
#...#######.
#.......@#
###.........
#........#
##########
#........#
##########


You could see Donald (fast, strong).

Vanquished Creatures
  A minotaur (Gauntlet)
  11 hydras
  A ghost crab (Gauntlet)
  A two-headed ogre (D:10)
  5 death yaks
  A sixfirhy (Gauntlet)
  A necromancer (Gauntlet)
  3 bog bodies (Lair:4)
  2 deep elf pyromancers
  3 ugly things
  The ghost of Dega the Marksspriggan, a novice SpHu (D:7)
  A cyclops (D:12)
  A moth of wrath (Lair:5)
  2 manticores (D:12)
  12 elephants
  A black mamba (Lair:3)
  A guardian serpent (D:11)
  25 cane toads
  A torpor snail (Lair:4)
  A kobold demonologist (D:12)
  5 gargoyles
  A demonic crawler (Lair:6)
  An unseen horror (D:9)
  4 rime drakes
  6 komodo dragons
  4 trolls
  9 polar bears (IceCv)
  Prince Ribbit (D:9)
  27 blink frogs
  5 tyrant leeches (Lair:6)
  2 jumping spiders (Lair:4)
  A culicivora (Lair:4)
  71 yaks
  7 wyverns
  A basilisk (Lair:3)
  2 steam dragons
  4 redbacks (Lair:4)
  5 vampire mosquitoes
  A warg (Orc:1)
  5 acid dragons
  6 swamp worms
  18 water moccasins
  5 black bears
  5 orc warriors
  A sky beast (D:7)
  3 ogres
  4 centaurs
  52 wolves
  12 kobold brigands
  20 bullfrogs
  3 necrophages (D:9)
  A scorpion (D:3)
  9 wights
  7 killer bees (D:10)
  2 vampire bats (D:5)
  5 electric eels
  4 lava snakes (Lair:3)
  A human zombie (D:9)
  5 hounds
  3 jellies (D:5)
  2 centaur zombies (D:9)
  15 orc priests
  3 gnoll shamans
  6 iguanas
  7 orc wizards
  2 mummies (D:9)
  2 howler monkey zombies (D:9)
  15 gnolls
  8 adders
  13 white imps
  3 ufetubi (Gauntlet)
  38 orcs
  4 ball pythons
  2 bat skeletons (D:5)
  3 bat zombies (D:5)
  7 endoplasms
  10 giant cockroaches
  7 hobgoblins
  5 jackals
  34 kobolds
  2 quokkas
  6 bats
  3 frilled lizards
  8 goblins
  8 rats
  A lurking horror (Lair:2)
617 creatures vanquished.

Vanquished Creatures (others)
  An orc wizard (D:13)
  2 bushes (D:10)
  48 fungi
  193 plants
244 creatures vanquished.

Grand Total: 861 creatures vanquished

Notes
Turn   | Place    | Note
-------+----------+-------------------------------------------
     0 | D:1      | Illumine the Minotaur Hunter began the quest for the Orb.
     0 | D:1      | Reached XP level 1. HP: 18/18 MP: 0/0
   246 | D:1      | Reached XP level 2. HP: 25/25 MP: 1/1
   263 | D:1      | Reached skill level 5 in Crossbows
   745 | D:2      | Reached XP level 3. HP: 30/30 MP: 2/2
  1536 | D:3      | Reached XP level 4. HP: 25/37 MP: 3/3
  1864 | D:3      | Got the Volume of Intoxication and Transmutation
  2021 | D:4      | Reached skill level 3 in Fighting
  2065 | D:4      | Reached XP level 5. HP: 33/45 MP: 4/4
  2270 | D:5      | Entered Level 5 of the Dungeon
  2270 | D:5      | Noticed a yak
  2270 | D:5      | Noticed a yak
  2270 | D:5      | Noticed a yak
  2629 | D:4      | Reached XP level 6. HP: 51/52 MP: 5/5
  2833 | D:4      | Reached skill level 4 in Fighting
  3088 | D:4      | Killed a yak
  3089 | D:4      | Reached XP level 7. HP: 25/60 MP: 6/6
  3575 | D:5      | Noticed a wraith
  3819 | D:5      | Reached skill level 5 in Fighting
  4421 | D:6      | Found a staircase to the Ecumenical Temple.
  4442 | D:6      | Reached skill level 5 in Dodging
  4448 | D:6      | Reached XP level 8. HP: 69/69 MP: 7/7
  4465 | Temple   | Entered the Ecumenical Temple
  4476 | Temple   | Became a worshipper of Gozag Ym Sagoz the Greedy
  4671 | D:6      | Reached skill level 6 in Fighting
  5011 | D:6      | Found a white marble altar of Elyvilon.
  5173 | D:6      | Reached skill level 10 in Crossbows
  5215 | D:7      | Noticed a manticore
  5529 | D:7      | Found a sparkling altar of Nemelex Xobeh.
  5625 | D:7      | Reached skill level 7 in Fighting
  5717 | D:7      | Found a runed translucent gate.
  5717 | D:7      | Found a runed translucent gate.
  5717 | D:7      | Found a runed translucent gate.
  5728 | D:7      | Noticed Dega's ghost (novice SpHu)
  5758 | D:7      | Reached XP level 9. HP: 79/79 MP: 8/8
  5808 | D:7      | Found a sacrificial altar of Ru.
  6190 | D:8      | Reached skill level 8 in Fighting
  6190 | D:8      | Reached skill level 1 in Spellcasting
  6414 | D:8      | Reached skill level 9 in Fighting
  6692 | D:9      | Reached skill level 10 in Fighting
  6999 | D:5      | Reached XP level 10. HP: 89/93 MP: 10/10
  7062 | D:5      | Found an ancient bone altar of Kikubaaqudgha.
  7471 | D:9      | Noticed Prince Ribbit
  7742 | D:9      | Killed Prince Ribbit
  8002 | D:9      | Reached skill level 10 in Dodging
  8155 | D:9      | Reached skill level 11 in Fighting
  8344 | D:9      | Found a basalt altar of Yredelemnul.
  8676 | D:9      | Found an iron altar of Okawaru.
  8790 | D:9      | Reached skill level 12 in Fighting
  8962 | D:9      | Found a blossoming altar of Fedhas.
  8987 | D:10     | Entered Level 10 of the Dungeon
  9021 | D:10     | Bought the ring "Mitogicoenk" {Contam rPois rC+ Will+++
                  | EV+4} for 598 gold pieces
  9199 | D:10     | Found a stormy altar of Qazlal.
  9217 | D:10     | Noticed a two-headed ogre
  9235 | D:10     | Killed a two-headed ogre
  9236 | D:10     | Reached XP level 11. HP: 104/104 MP: 11/11
  9608 | D:10     | Found a staircase to the Lair.
  9987 | Lair:1   | Entered Level 1 of the Lair of Beasts
 10021 | D:11     | Noticed a six-headed hydra
 10159 | Lair:1   | Reached skill level 13 in Fighting
 10377 | Lair:1   | Reached skill level 1 in Armour
 11381 | Lair:2   | Identified the +4 mace "Wulaneno" {drain, rCorr Str+3}
 11430 | Lair:2   | Bought the +1 leather armour of the Stone Wall {Dex+4} for
                  | 291 gold pieces
 11445 | Lair:2   | Found a corrupted altar of Lugonu.
 11518 | Lair:2   | Found a one-way gate to the infinite horrors of the Abyss.
 11560 | Lair:2   | Reached XP level 12. HP: 110/116 MP: 12/12
 11795 | Lair:2   | Noticed a seven-headed hydra
 11823 | Lair:2   | Reached skill level 14 in Fighting
 11837 | Lair:2   | Killed a seven-headed hydra
 13022 | Lair:3   | Noticed a seven-headed hydra
 13448 | Lair:4   | Noticed a death yak
 13455 | Lair:4   | Noticed a death yak
 13468 | Lair:3   | Killed a death yak
 13469 | Lair:3   | Reached skill level 15 in Fighting
 13598 | D:11     | Killed a six-headed hydra
 14155 | D:11     | Found a staircase to the Orcish Mines.
 14166 | Orc:1    | Entered Level 1 of the Orcish Mines
 14223 | Orc:1    | Found a frozen archway.
 14236 | IceCv    | Entered an ice cave
 14379 | IceCv    | Reached XP level 13. HP: 108/127 MP: 13/13
 14598 | IceCv    | Identified the +0 pair of gloves "Ubeuhotria" {rF- Will+
                  | rCorr}
 15009 | IceCv    | Noticed a frost giant
 15270 | IceCv    | Reached skill level 16 in Fighting
 15610 | Orc:1    | Bought a scroll of identify for 28 gold pieces
 15694 | Orc:2    | Entered Level 2 of the Orcish Mines
 15694 | Orc:2    | Noticed Donald
 15694 | Orc:2    | Found a staircase to the Elven Halls.
 16459 | D:12     | Reached skill level 15 in Dodging
 16479 | D:12     | Found a gate leading to a gauntlet.
 16492 | Gauntlet | Entered a Gauntlet
 16492 | Gauntlet | Found a transporter.
 16499 | Gauntlet | Found a transporter.
 16503 | Gauntlet | Found a transporter.
 16512 | Gauntlet | Found a transporter.
 16515 | Gauntlet | Found a transporter.
 16527 | Gauntlet | Found a transporter.
 16528 | Gauntlet | Found a transporter.
 16539 | Gauntlet | Found a transporter.
 16539 | Gauntlet | Found a transporter.
 16547 | Gauntlet | Found a transporter.
 16568 | Gauntlet | Found a transporter.
 16572 | Gauntlet | Found a runed translucent door.
 16580 | Gauntlet | Found a transporter.
 16592 | Gauntlet | Found a transporter.
 16604 | Gauntlet | Found a transporter.
 16701 | Gauntlet | Reached skill level 1 in Evocations
 16783 | Gauntlet | Identified the ring of Karik {rPois rC+ rN+ Dex-3 Slay+2}
 16842 | Gauntlet | Identified the +1 pair of gloves of Sufficient Awe {rF++
                  | rN+ Will- Int-3}
 16845 | Gauntlet | Noticed a minotaur
 16876 | Gauntlet | Killed a minotaur
 18959 | Lair:3   | Identified the +5 scimitar "Ziad" {distort, Str+3}
 19266 | Lair:3   | Reached skill level 5 in Armour
 19855 | Lair:4   | Found a hole to the Spider Nest.
 19984 | Lair:4   | Identified the +10 rapier of Causality {elec, rF+}
 20164 | Lair:4   | Reached skill level 1 in Short Blades
 20255 | Lair:4   | Reached XP level 14. HP: 94/138 MP: 14/14
 20963 | Lair:4   | Found a runed translucent door.
 21071 | Lair:4   | Found a shimmering altar of Xom.
 21071 | Lair:4   | Noticed Gibliticw's ghost (journeyman DjAE)
 21072 | Lair:4   | Identified the +8 glaive of Oppeos {chaos, Fly rN++ Str+2}
 21145 | Lair:4   | Found a staircase to the Swamp.
 21543 | Lair:5   | Reached skill level 5 in Evocations
 21844 | Lair:5   | Reached skill level 5 in Short Blades
 23612 | Lair:6   | Entered Level 6 of the Lair of Beasts
 25070 | Lair:6   | Reached skill level 1 in Shields
 26393 | Lair:6   | Reached skill level 10 in Short Blades
 26443 | Lair:6   | Found a viscous altar of Jiyva.
 26444 | Lair:6   | Found a staircase to the Slime Pits.
 27030 | D:7      | Killed Dega's ghost
 27212 | D:11     | Slain by Donald

Illustrated notes

Levels and vault maps discovered:
D:1:      lightli_arrival_boilingwater, layout_basic
D:2:      layout_rooms, minmay_tromino_mix6
D:3:      minmay_diamond_boxcup, layout_loops_corners, minmay_strange_pillars
D:4:      layout_cave_pools
D:5:      layout_basic, kennysheep_vampire_church
D:6:      layout_loops_ring, kennysheep_mini, minmay_temple_entry_slanted
D:7:      kennysheep_kobold_camp, layout_basic,
          nemelex_xobeh_ov_fountains_minmay,
          nicolae_ru_great_annihilating_truth, gammafunk_ghost_nasty_kobolds
D:8:      layout_basic
D:9:      layout_loops_ring, kennysheep_okawaru_gauntlet,
          lemuel_mausoleum_altar_yredelemnul, mainiacjoe_overflow_alcove_4,
          uniq_prince_ribbit1
D:10:     layout_roguey, nicolae_qazlal_style_of_elements,
          minmay_lair_entry_grove
D:11:     cheibrodos_statue_roulette, layout_basic,
          nrook_guardian_serpent_ordinary
D:12:     layout_loops_cross, gauntlet_entry_generic
D:13:     layout_rooms, pond, uniq_josephine
Temple:   eino_temple_water
Lair:1:   layout_chaotic_city, beast_lair_carwin_4
Lair:2:   layout_cave_pods, serial_bayou, serial_bayou_pond_b,
          serial_bayou_lagoon_b, serial_bayou_pond_c, serial_bayou_pond_e,
          serial_bayou_pond_d, amcnicky_altar_lugonu_corruption,
          lemuel_fruit_tree, infiniplex_staircase_pool_2
Lair:3:   layout_roguey, disabler_island
Lair:4:   layout_cave_pods, nicolae_swamp_entry_splash_gauntlet,
          nicolae_spider_entry_tight_spaces, ebering_ghost_xom,
          beast_lair_carwin_5
Lair:5:   layout_cave_pods
Lair:6:   minmay_lair_end_frog_pond, layout_regular_city, slime_altar_1,
          chequers_serial_rivers_room_a, st_stairs_11, worms_lemuel
Orc:1:    layout_caves, portal_ice_cave_entry_imps, david_defended_altar_orc
Orc:2:    grunt_orc_cross, layout_caves, abandoned_shop, uniq_donald

Skill      XL: |  1  2  3  4  5  6  7  8  9 10 11 12 13 14 |
---------------+-------------------------------------------+-----
Crossbows      | 5 6 7 8 9 10 12 13 14 | 14.7
Fighting       | 3 4 5 7 10 12 13 15 16 | 16.8
Dodging        | 3 4 5 6 9 11 12 14 15 | 15.5
Spellcasting   | 1 |  1.1
Armour         | 3 5 |  5.0
Evocations     | 3 6 |  6.0
Short Blades   | 1 10 | 10.2
Shields        | 4 |  4.3
Stealth        | |  0.7

Action                   |  1- 3 |  4- 6 |  7- 9 | 10-12 | 13-15 || total
-------------------------+-------+-------+-------+-------+-------++-------
Melee: Rapier            |       |       |       |       |   329 ||   329
       Headbutt          |       |       |       |       |    85 ||    85
       Punch             |       |       |       |       |     2 ||     2
 Fire: Hand crossbow     |   119 |   117 |   487 |  1311 |  1133 ||  3167
Throw: Dart              |       |     4 |    10 |     5 |     1 ||    20
       Throwing net      |       |     1 |       |       |       ||     1
Invok: Call Merchant     |       |       |       |     2 |     2 ||     4
Evoke: Wand              |       |       |       |     1 |     4 ||     5
       Condenser vane    |       |       |       |       |     1 ||     1
  Use: Scroll            |     2 |     1 |     6 |     7 |    11 ||    27
       Potion            |       |       |     1 |     1 |     7 ||     9
 Stab: Distracted        |       |       |       |       |     4 ||     4
Armor: Leather armour    |    23 |    15 |   102 |   180 |   131 ||   451
       Robe              |       |       |     1 |       |       ||     1
Dodge: Dodged            |    33 |    35 |   207 |  1107 |  1185 ||  2567
Block: Other             |       |       |       |       |   140 ||   140
       Reflection        |       |       |       |       |     3 ||     3

Table legend: (Time is in decaauts)
 A = Elapsed time spent in this place.
 B = Non-inter-level travel time spent in this place.
 C = Inter-level travel time spent in this place.
 D = Time resting spent in this place.
 E = Time spent auto-exploring this place.
 F = Levels seen in this place.
 G = Mean time per level.
                   A        B        C        D        E       F      G
               +--------+--------+--------+--------+--------+-----+--------+
         Total |  27403 |  25177 |   2226 |   5046 |  12619 |  24 | 1141.8 |
       Dungeon |  13591 |  12189 |   1402 |   2087 |   6612 |  13 | 1045.5 |
        Temple |     22 |     12 |     10 |      0 |      1 |   1 |   22.0 |
          Lair |  11569 |  10775 |    794 |   2419 |   5763 |   6 | 1928.2 |
  Orcish Mines |    334 |    315 |     19 |      0 |    182 |   2 |  167.0 |
      Ice Cave |   1377 |   1377 |      0 |    437 |     56 |   1 | 1377.0 |
      Gauntlet |    506 |    506 |      0 |    102 |      4 |   1 |  506.0 |
               +--------+--------+--------+--------+--------+-----+--------+

Top non-repeatable levels by time:
  Lair:5: 2547 daAuts
  Lair:6: 2143 daAuts
  Lair:4: 2078 daAuts
  Lair:2: 1941 daAuts
     D:9: 1796 daAuts
    D:12: 1575 daAuts
  Lair:3: 1496 daAuts
   IceCv: 1377 daAuts
     D:5: 1373 daAuts
  Lair:1: 1362 daAuts
     D:3: 1312 daAuts
    D:11: 1177 daAuts
     D:7: 1166 daAuts
    D:10: 1062 daAuts
     D:4: 968 daAuts
